Map: Temple gelé

Players

ITSFabi

  • Race: Zerg Zerg
  • League: Platinum
  • Spawn Location: 5:00

zidar - Winner!

  • Race: Zerg Zerg
  • League: Platinum
  • Spawn Location: 11:00

VOD

Have the link to the VOD?

Description

Time

  • Played on: Nov. 3, 2016, 12:33 p.m.
  • Length: 3:49
Show
View Real Time Build Order
Export as new Build Order

ITSFabi Zerg 

Build Orders: Pool First 

Get SALT Encoding   

  12  0:01  Drone  
  13  0:08  Drone  
  14  0:20  Overlord  
  14  0:26  Extractor  
  14  0:28  Extractor  
  13  0:29  Drone  
  15  0:39  Drone x2  
  17  0:45  Drone  
  18  0:51  Spawning Pool  
  18  0:55  Drone  
  18  1:02  Extractor  
  17  1:07  Drone  
  18  1:21  Hatchery  
  18  1:23  Drone  
  18  1:27  Drone  
  19  1:38  Drone  
  20  1:42  Queen  
  22  1:49  Overlord  
  22  2:05  Metabolic Boost  
  22  2:10  Evolution Chamber, Zergling x2  
  22  2:14  Drone  
  23  2:24  Queen  
  23  2:25  Drone  
  26  2:34  Zergling x2  
  27  2:43  Zergling x2  
  28  2:46  Drone  
  28  2:47  Drone  
  30  2:53  Drone x3  
  30  2:55  Drone  
  34  3:04  Zergling x2  
  35  3:07  Drone  
  34  3:21  Zergling x4  
  34  3:25  Spine Crawler x2  
  34  3:26  Spine Crawler  
  27  3:29  Spine Crawler  
  27  3:32  Zergling x2  
Show
View Real Time Build Order
Export as new Build Order

zidar Zerg - Winner!

Build Orders: 1 Base Baneling Bust, Pool Only 

Get SALT Encoding   

  12  0:01  Drone  
  13  0:10  Drone  
  14  0:15  Extractor  
  14  0:16  Drone  
  14  0:36  Spawning Pool  
  14  0:38  Drone  
  14  0:49  Overlord  
  14  0:59  Overlord  
  14  1:22  Metabolic Boost  
  14  1:24  Queen  
  16  1:27  Zergling x2  
  16  1:31  Zergling x2  
  18  1:34  Zergling x2  
  18  1:38  Zergling x2  
  20  1:49  Zergling x2  
  21  2:03  Zergling x2  
  22  2:08  Baneling Nest  
  21  2:18  Zergling x2  
  22  2:24  Zergling x2  
  23  2:32  Zergling x2  
  23  2:33  Zergling x4  
  26  2:38  Zergling x2  
  27  3:06  Zergling x4  
Tags
 
Add a new tag
Caveats
  • Supply blocks, unpowered buildings, or Contaminate may cause inaccurate times.
  • Supply counts are checked every 10 seconds.